Map: [ESL] Alcyone

Players

AqueroN

  • Race: Terran Terran
  • Spawn Location: 1:00

Lambo - Winner!

  • Race: Zerg Zerg
  • Spawn Location: 7:00

Event: ESL SC2 Masters 2023 Winter (Regional)

VOD

Have the link to the VOD?

Description

Time

  • Played on: Oct. 27, 2023, 10:06 a.m.
  • Length: 10:45

All games in this series

Show
View Real Time Build Order
Export as new Build Order

AqueroN Terran 

Build Orders:  

Get SALT Encoding   

  12  0:00  SCV  
  13  0:12  SCV  
  14  0:18  Supply Depot  
  14  0:24  SCV  
  15  0:39  SCV  
  15  0:41  Barracks  
  16  0:45  Refinery  
  16  0:51  SCV  
  17  1:02  Barracks  
  17  1:05  SCV  
  18  1:18  Barracks  
  18  1:22  SCV  
  19  1:29  Reaper  
  20  1:33  Refinery  
  20  1:45  Orbital Command  
  20  1:49  Reaper  
  21  1:57  Supply Depot  
  21  2:03  Reaper  
  22  2:13  Reaper  
  23  2:18  SCV  
  23  2:22  Reaper  
  25  2:30  SCV  
  25  2:35  Reaper  
  27  2:43  SCV  
  28  2:47  Reaper  
  28  2:51  Supply Depot  
  29  2:54  Reaper  
  30  3:04  Command Center  
  30  3:06  SCV  
  30  3:12  Reaper  
  31  3:21  Reaper  
  31  3:26  Reaper  
  33  3:27  SCV  
  33  3:39  SCV  
  34  3:44  Reaper  
  35  3:51  SCV  
  35  3:53  Reaper  
  37  4:00  Supply Depot  
  37  4:10  SCV  
  37  4:11  Barracks Reactor  
  37  4:14  Engineering Bay  
  38  4:17  Orbital Command  
  38  4:22  SCV  
  39  4:26  Barracks Reactor  
  39  4:33  Factory  
  39  4:36  SCV  
  40  4:42  Terran Infantry Weapons Level 1  
  40  4:44  SCV  
  41  4:46  Barracks  
  41  4:47  Barracks  
  41  4:50  SCV  
  42  4:53  Marine x2  
  42  4:56  SCV  
  45  5:00  Supply Depot  
  45  5:02  SCV  
  45  5:03  Marine x2  
  48  5:08  SCV  
  48  5:10  Marine  
  48  5:11  Marine  
  51  5:14  SCV  
  51  5:20  Barracks Tech Lab  
  51  5:21  Factory Reactor  
  51  5:22  SCV, Starport  
  51  5:24  Marine x2  
  51  5:26  SCV  
  55  5:28  Marine x2  
  55  5:34  SCV  
  55  5:35  Barracks Reactor  
  58  5:36  Barracks Reactor  
  58  5:40  Stimpack, Marine  
  58  5:41  Refinery  
  59  5:46  Supply Depot, Marine x2  
  59  5:47  Marine  
  59  5:48  Marine  
  61  6:08  Marine x5  
  59  6:14  SCV x2  
  59  6:16  Medivac x2  
  59  6:17  Marine x4  
  68  6:25  Supply Depot  
  68  6:26  Supply Depot, Marine x4  
  72  6:33  Supply Depot, Marine  
  72  6:35  Marine  
  72  6:38  Factory Tech Lab  
  74  6:43  Refinery  
  74  6:46  Marine, Medivac x2  
  74  6:47  Marine  
  79  6:49  Marine  
  79  6:50  Marine  
  79  6:51  Marine  
  83  6:56  Marine x2  
  83  6:57  Marine  
  86  7:01  Siege Tank  
  89  7:08  Marine x2  
  89  7:09  Marine x2  
  89  7:14  Marine  
  94  7:18  Supply Depot  
  94  7:19  Combat Shield, Supply Depot  
  94  7:23  Marine x3  
  94  7:27  Marine  
  94  7:28  Marine x2  
  100  7:33  Medivac  
  102  7:40  Siege Tank, Marine x2  
  102  7:43  Marine x3  
  105  7:58  Marine x3  
  105  7:59  Marine x3  
  90  8:06  Marine x3  
  93  8:14  Siege Tank  
  93  8:16  Marine x3  
  93  8:17  Marine  
  93  8:18  Marine x2  
  104  8:24  Marine  
  105  8:28  Marine x2  
  107  8:34  Marine x3  
  107  8:35  Marine  
  107  8:36  Marine x2  
  107  8:37  Liberator  
  114  8:42  Marine  
  114  8:46  Marine x2  
  117  8:53  Marine  
  118  8:57  Supply Depot  
  118  8:59  Supply Depot, Marine  
  118  9:19  Liberator, Marine x4  
  118  9:20  Siege Tank, Liberator  
  126  9:26  Marine x4  
  129  9:37  Marine x2  
  131  9:45  Marine x2  
  133  9:46  Marine  
  133  9:52  Supply Depot  
  134  9:53  Supply Depot, Marine x3  
  134  9:55  Marine x2  
  139  10:03  Marine x2  
  139  10:06  Siege Tank  
  144  10:08  Marine  
  126  10:23  Marine  
Show
View Real Time Build Order
Export as new Build Order

Lambo Zerg - Winner!

Build Orders: Pool First 

Get SALT Encoding   

  12  0:00  Drone  
  13  0:13  Overlord  
  13  0:17  Drone  
  14  0:31  Drone x2  
  16  0:37  Drone  
  17  0:44  Spawning Pool  
  17  0:47  Drone  
  17  1:07  Hatchery  
  17  1:11  Drone  
  17  1:13  Drone  
  17  1:16  Extractor  
  17  1:31  Zergling x4  
  17  1:32  Queen  
  21  1:41  Overlord  
  21  1:51  Drone  
  22  2:02  Drone  
  23  2:11  Queen  
  23  2:13  Drone  
  26  2:20  Hatchery  
  26  2:22  Drone  
  26  2:29  Metabolic Boost  
  26  2:38  Overlord  
  26  2:43  Drone  
  26  2:47  Queen  
  27  2:53  Zergling x2  
  27  2:54  Zergling x2  
  29  3:02  Zergling x2  
  29  3:04  Overlord  
  29  3:07  Zergling x2  
  30  3:13  Zergling x4  
  30  3:19  Zergling x4  
  31  3:27  Zergling x6  
  34  3:34  Zergling x6  
  36  3:50  Drone x4  
  36  3:54  Drone x2  
  42  3:58  Drone  
  42  4:02  Overlord  
  43  4:09  Queen  
  45  4:13  Drone  
  45  4:16  Drone  
  47  4:19  Overlord  
  47  4:21  Drone  
  48  4:24  Drone  
  48  4:25  Drone  
  48  4:27  Drone  
  48  4:29  Drone  
  52  4:32  Drone x2  
  52  4:35  Zergling x2  
  52  4:37  Zergling x4  
  55  4:43  Zergling x4  
  55  4:45  Drone  
  58  4:50  Drone  
  58  4:52  Queen  
  59  4:56  Overlord  
  59  4:57  Drone x2  
  59  4:59  Evolution Chamber  
  63  5:07  Drone x2  
  63  5:10  Overlord  
  64  5:16  Drone x2  
  64  5:20  Drone x3, Queen  
  70  5:22  Queen  
  70  5:25  Drone x2  
  70  5:27  Drone  
  75  5:31  Drone x2  
  75  5:33  Overlord  
  76  5:36  Drone x2  
  76  5:38  Zerg Ground Armor Level 1  
  79  5:42  Drone  
  79  5:45  Queen  
  79  5:47  Drone x2  
  83  5:50  Extractor, Evolution Chamber  
  83  5:52  Drone x3  
  84  5:59  Drone  
  84  6:03  Drone x2  
  84  6:06  Drone x2  
  84  6:10  Drone x3  
  81  6:12  Drone  
  81  6:15  Extractor  
  81  6:16  Queen  
  81  6:18  Extractor, Overlord  
  82  6:19  Zergling x6  
  82  6:21  Zerg Melee Weapons Level 1  
  82  6:22  Overlord  
  82  6:23  Hatchery  
  82  6:24  Zergling x2  
  85  6:34  Zergling x6  
  85  6:36  Baneling Nest, Queen  
  91  6:41  Overlord  
  91  6:42  Overlord  
  91  6:49  Zergling x12  
  97  6:54  Zergling x2  
  97  6:56  Queen  
  97  6:58  Zergling x2  
  101  7:03  Zergling x8  
  101  7:07  Lair  
  103  7:10  Zergling x4  
  103  7:12  Overlord  
  105  7:18  Zergling x8  
  109  7:27  Zergling x10  
  109  7:28  Overlord  
  114  7:30  Overlord x2  
  114  7:32  Hatchery  
  114  7:34  Queen  
  114  7:36  Queen, Overlord  
  117  7:39  Overlord  
  117  7:41  Overlord  
  117  7:42  Overlord  
  117  7:44  Baneling x7  
  117  7:48  Zergling x10  
  117  7:51  Zergling x4  
  119  7:56  Zergling x8  
  102  7:58  Zergling x6  
  90  8:06  Zergling x2  
  90  8:07  Queen  
  90  8:08  Centrifugal Hooks  
  90  8:11  Zergling x8  
  97  8:19  Zergling x10  
  105  8:23  Zerg Ground Armor Level 2  
  105  8:25  Zergling x6  
  105  8:26  Zergling x2  
  109  8:27  Baneling x3  
  109  8:28  Baneling x2  
  109  8:29  Baneling  
  109  8:31  Baneling x4  
  109  8:34  Zergling x10, Baneling x2  
  109  8:35  Baneling x3  
  109  8:37  Zergling x4  
  111  8:41  Zergling x2  
  111  8:45  Zergling x2  
  111  8:47  Zergling x4  
  115  8:50  Zergling x14  
  122  8:56  Zergling x6  
  122  9:02  Zergling x8  
  129  9:09  Overlord  
  129  9:13  Zergling x6  
  129  9:16  Baneling x4  
  132  9:18  Baneling x2  
  132  9:21  Zergling x4  
  132  9:22  Zergling x8  
  136  9:31  Zergling x14  
  143  9:33  Queen x2  
  143  9:38  Zergling x12  
  153  9:41  Queen x2  
  153  9:44  Baneling x5  
  156  9:46  Zergling x4  
  156  9:49  Zergling x6  
  156  9:52  Zergling x4  
  163  9:53  Baneling x4  
  163  9:56  Zergling x2  
  164  10:02  Zergling x10  
  168  10:12  Zergling x10  
  173  10:18  Zergling x2  
  173  10:19  Zergling x10  
  173  10:20  Baneling x8  
  149  10:40  Hatchery  
Tags
 
Add a new tag
Caveats
  • Supply blocks, unpowered buildings, or Contaminate may cause inaccurate times.
  • Supply counts are checked every 10 seconds.